2031 views
Uploaded 2022-10-27 00:40:20
Game version 1.33
28:39 long 2on2 ladder game on (4)SynergyBigPaved
Saved by Cabeelibob
2031 views
Uploaded 2022-10-27 00:40:20
Game version 1.33
28:39 long 2on2 ladder game on (4)SynergyBigPaved


76 units @ 10.8k
/ 1.3k
44 buildings @ 7.3k
/ 3k


| Scroll of Regeneration | 1 | 100 |
| total: | 1 | 100g |
| Peasant | 9 | 675 | / | 0 |
| Footman | 7 | 945 | / | 0 |
| Priest | 6 | 810 | / | 60 |
| Knight | 10 | 2450 | / | 600 |
| Sorceress | 3 | 465 | / | 60 |
| Flying Machine | 5 | 500 | / | 150 |
| Siege Engine | 1 | 195 | / | 60 |
| total: | 41 | 6040g | / | 930w |
| Altar of Kings | 1 | 180 | / | 50 |
| Farm | 13 | 1040 | / | 260 |
| Barracks | 2 | 320 | / | 120 |
| Arcane Vault | 1 | 130 | / | 30 |
| Lumber Mill | 1 | 120 | / | 0 |
| Blacksmith | 1 | 140 | / | 60 |
| Town Hall | 4 | 1540 | / | 820 |
| Arcane Sanctum | 2 | 300 | / | 280 |
| Workshop | 1 | 140 | / | 140 |
| Keep | 2 | 640 | / | 420 |
| Castle | 1 | 360 | / | 210 |
| total: | 26 | 3910g | / | 1760w |
| 0:06 | Altar of Kings |
| 0:09 | Farm |
| 0:12 | Farm |
| 0:13 | Peasant |
| 0:14 | Peasant |
| 0:22 | Peasant |
| 0:48 | Barracks |
| 0:53 | Peasant |
| 1:16 | Farm |
| 1:18 | Peasant |
| 1:18 | Peasant |
| 1:32 | Peasant |
| 1:41 | Arcane Vault |
| 1:48 | Peasant |
| 1:59 | Footman |
| 2:08 | Lumber Mill |
| 2:11 | Summon Water Elemental |
| 2:22 | Footman |
| 2:43 | Footman |
| 3:06 | Farm |
| 3:07 | Defend |
| 3:29 | Footman |
| 3:55 | Brilliance Aura |
| 4:02 | Farm |
| 4:07 | Keep |
| 4:31 | Footman |
| 4:37 | Farm |
| 4:47 | Farm |
| 4:50 | Footman |
| 5:12 | Blacksmith |
| 5:46 | Summon Water Elemental |
| 6:46 | Arcane Sanctum |
| 7:03 | Scroll of Regeneration |
| 7:07 | Footman |
| 7:09 | Iron Forged Swords |
| 7:16 | Priest Adept Training |
| 7:56 | Workshop |
| 8:11 | Holy Light |
| 8:39 | Arcane Sanctum |
| 9:05 | Castle |
| 9:16 | Priest |
| 9:39 | Brilliance Aura |
| 9:41 | Devotion Aura |
| 9:54 | Priest |
| 10:01 | Farm |
| 10:02 | Farm |
| 10:04 | Farm |
| 10:06 | Iron Plating |
| 11:19 | Devotion Aura |
| 11:23 | Priest |
| 11:27 | Animal War Training |
| 11:35 | Barracks |
| 11:38 | Barrage |
| 12:01 | Knight |
| 12:04 | Knight |
| 12:09 | Priest Master Training |
| 12:26 | Farm |
| 12:30 | Priest |
| 13:43 | Knight |
| 14:05 | Priest |
| 14:41 | Knight |
| 15:19 | Knight |
| 15:38 | Farm |
| 18:06 | Town Hall |
| 18:13 | Summon Water Elemental |
| 18:41 | Priest |
| 18:43 | Knight |
| 19:41 | Sorceress Adept Training |
| 20:40 | Town Hall |
| 20:47 | Sorceress Master Training |
| 20:50 | Knight |
| 21:08 | Knight |
| 21:24 | Town Hall |
| 21:34 | Sorceress |
| 22:00 | Steel Forged Swords |
| 22:06 | Knight |
| 22:20 | Peasant |
| 22:39 | Sorceress |
| 22:59 | Steel Plating |
| 23:10 | Knight |
| 23:22 | Sorceress |
| 23:43 | Siege Engine |
| 26:15 | Keep |
| 26:42 | Holy Light |
| 27:21 | Flying Machine |
| 27:21 | Flying Machine |
| 27:21 | Flying Machine |
| 27:22 | Flying Machine |
| 27:22 | Flying Machine |
| 27:52 | Town Hall |
| 28:13 | Farm |
| Right click | 585 |
| Select | 279 |
| Select group | 159 |
| Assign group | 125 |
| Build/train/purchase | 111 |
| Use ability | 31 |
| Minimap ping | 6 |
| Remove unit | 3 |



| Circlet of Nobility | 1 | 175 |
| Gloves of Haste | 1 | 125 |
| Claws of Attack +6 | 1 | 125 |
| Replenishment Potion | 1 | 150 |
| Ring of Regeneration | 1 | 300 |
| Cloak of Shadows | 1 | 100 |
| total: | 6 | 975g |
| Wisp | 13 | 780 | / | 0 |
| Archer | 5 | 650 | / | 50 |
| Huntress | 16 | 3120 | / | 320 |
| Ice Troll Berserker | 1 | 245 | / | 30 |
| total: | 35 | 4795g | / | 400w |
| Ancient Protector | 2 | 270 | / | 160 |
| Moon Well | 9 | 1620 | / | 360 |
| Altar of Elders | 1 | 180 | / | 50 |
| Ancient of War | 3 | 450 | / | 180 |
| Hunter's Hall | 1 | 210 | / | 100 |
| Tree of Life | 2 | 680 | / | 370 |
| Tree of Ages | 1 | 320 | / | 180 |
| Tree of Eternity | 1 | 330 | / | 200 |
| total: | 18 | 3410g | / | 1220w |
| 0:10 | Wisp |
| 0:29 | Moon Well |
| 0:32 | Wisp |
| 0:50 | Altar of Elders |
| 0:53 | Wisp |
| 0:56 | Wisp |
| 1:04 | Moon Well |
| 1:08 | Wisp |
| 1:45 | Wisp |
| 2:20 | Wisp |
| 2:20 | Wisp |
| 2:35 | Ancient of War |
| 2:43 | Ancient of War |
| 2:53 | Entangling Roots |
| 3:30 | Tree of Ages |
| 3:41 | Ancient of War |
| 3:44 | Archer |
| 3:44 | Archer |
| 4:19 | Hunter's Hall |
| 5:25 | Huntress |
| 5:26 | Huntress |
| 5:34 | Strength of the Moon |
| 5:40 | Moon Well |
| 5:48 | Moon Well |
| 6:03 | Moon Glaive |
| 6:26 | Vorpal Blades |
| 6:54 | Huntress |
| 6:57 | Wisp |
| 6:57 | Wisp |
| 8:04 | Evasion |
| 8:08 | Ice Troll Berserker |
| 8:39 | Moon Well |
| 8:48 | Huntress |
| 8:58 | Thorns Aura |
| 9:24 | Entangling Roots |
| 9:41 | Gloves of Haste |
| 9:41 | Circlet of Nobility |
| 9:56 | Claws of Attack +6 |
| 10:01 | Replenishment Potion |
| 10:03 | Ring of Regeneration |
| 10:14 | Cloak of Shadows |
| 10:32 | Huntress |
| 10:39 | Moon Well |
| 10:54 | Moon Well |
| 11:01 | Moon Well |
| 11:32 | Improved Strength of the Moon |
| 11:37 | Moon Armor |
| 12:10 | Immolation |
| 12:39 | Ancient Protector |
| 14:06 | Huntress |
| 14:06 | Huntress |
| 14:11 | Moon Well |
| 14:49 | Evasion |
| 15:21 | Huntress |
| 15:21 | Huntress |
| 15:25 | Tree of Eternity |
| 15:52 | Improved Moon Armor |
| 16:54 | Thorns Aura |
| 18:03 | Huntress |
| 18:03 | Huntress |
| 18:03 | Huntress |
| 18:20 | Advanced Strength of the Moon |
| 18:53 | Ancient Protector |
| 19:15 | Huntress |
| 19:15 | Huntress |
| 19:48 | Tree of Life |
| 20:26 | Advanced Moon Armor |
| 21:12 | Huntress |
| 21:50 | Huntress |
| 22:01 | Well Spring |
| 22:04 | Ultravision |
| 22:58 | Summon Bear |
| 23:24 | Wisp |
| 23:24 | Wisp |
| 23:24 | Wisp |
| 23:40 | Archer |
| 23:54 | Archer |
| 26:44 | Tree of Life |
| 27:34 | Archer |
| Select | 310 |
| Right click | 289 |
| Build/train/purchase | 72 |
| Select group | 24 |
| Resource trade | 15 |
| Use ability | 8 |
| Assign group | 6 |
| Misc. action | 4 |
| Minimap ping | 3 |
| Item give/drop | 2 |
| Remove unit | 1 |
/ 1.2k
93 buildings @ 5.3k
/ 2.6k


| Peasant | 11 | 825 | / | 0 |
| Flying Machine | 29 | 2900 | / | 870 |
| Mortar Team | 4 | 720 | / | 280 |
| total: | 44 | 4445g | / | 1150w |
| Scout Tower | 8 | 240 | / | 160 |
| Guard Tower | 5 | 350 | / | 250 |
| Altar of Kings | 1 | 180 | / | 50 |
| Lumber Mill | 1 | 120 | / | 0 |
| Farm | 17 | 1360 | / | 340 |
| Blacksmith | 1 | 140 | / | 60 |
| Workshop | 3 | 420 | / | 420 |
| Keep | 1 | 320 | / | 210 |
| Castle | 1 | 360 | / | 210 |
| total: | 31 | 2460g | / | 1030w |
| 0:04 | Peasant |
| 0:04 | Peasant |
| 0:16 | Peasant |
| 0:20 | Altar of Kings |
| 0:24 | Lumber Mill |
| 0:26 | Peasant |
| 0:36 | Farm |
| 0:37 | Peasant |
| 0:51 | Peasant |
| 0:59 | Farm |
| 1:03 | Peasant |
| 1:22 | Scout Tower |
| 1:28 | Peasant |
| 1:33 | Scout Tower |
| 1:35 | Peasant |
| 1:42 | Improved Lumber Harvesting |
| 1:52 | Guard Tower |
| 2:00 | Peasant |
| 2:04 | Farm |
| 2:08 | Peasant |
| 2:17 | Guard Tower |
| 2:38 | Storm Bolt |
| 2:49 | Keep |
| 3:14 | Scout Tower |
| 3:15 | Scout Tower |
| 3:15 | Scout Tower |
| 3:16 | Scout Tower |
| 3:45 | Improved Masonry |
| 4:22 | Guard Tower |
| 4:33 | Blacksmith |
| 4:36 | Scout Tower |
| 4:37 | Scout Tower |
| 5:09 | Guard Tower |
| 5:12 | Castle |
| 5:26 | Workshop |
| 5:29 | Workshop |
| 5:41 | Workshop |
| 5:48 | Advanced Lumber Harvesting |
| 5:51 | Black Gunpowder |
| 6:03 | Iron Plating |
| 6:05 | Advanced Masonry |
| 6:09 | Guard Tower |
| 6:27 | Flying Machine |
| 6:44 | Flak Cannons |
| 6:46 | Flare |
| 7:53 | Refined Gunpowder |
| 7:54 | Steel Plating |
| 8:16 | Flying Machine Bombs |
| 8:17 | Fragmentation Shards |
| 9:06 | Farm |
| 9:07 | Farm |
| 9:11 | Farm |
| 9:11 | Farm |
| 9:12 | Farm |
| 9:19 | Farm |
| 9:20 | Farm |
| 10:22 | Mortar Team |
| 10:25 | Imbued Masonry |
| 10:27 | Imbued Gunpowder |
| 11:28 | Mortar Team |
| 11:28 | Mortar Team |
| 13:44 | Flying Machine |
| 13:45 | Flying Machine |
| 13:45 | Flying Machine |
| 14:12 | Flying Machine |
| 14:12 | Flying Machine |
| 14:13 | Flying Machine |
| 14:13 | Flying Machine |
| 14:14 | Flying Machine |
| 14:29 | Flying Machine |
| 14:30 | Flying Machine |
| 14:30 | Flying Machine |
| 14:30 | Flying Machine |
| 14:30 | Flying Machine |
| 14:30 | Flying Machine |
| 14:31 | Flying Machine |
| 15:45 | Farm |
| 15:47 | Farm |
| 15:48 | Farm |
| 15:51 | Farm |
| 15:52 | Farm |
| 16:38 | Mortar Team |
| 18:29 | Holy Light |
| 20:11 | Flying Machine |
| 20:11 | Flying Machine |
| 20:12 | Flying Machine |
| 20:12 | Flying Machine |
| 20:12 | Flying Machine |
| 20:13 | Flying Machine |
| 20:14 | Flying Machine |
| 20:44 | Mithril Plating |
| 21:01 | Flying Machine |
| 21:01 | Flying Machine |
| 21:01 | Flying Machine |
| 21:34 | Flying Machine |
| 21:34 | Flying Machine |
| 21:34 | Flying Machine |
| 21:44 | Farm |
| 21:45 | Farm |
| 22:02 | Holy Light |
| 22:58 | Studded Leather Armor |
| 25:27 | Bash |
| 25:29 | Bash |
| 27:57 | Divine Shield |
| 27:58 | Divine Shield |
| Right click | 873 |
| Select group | 453 |
| Select | 252 |
| Build/train/purchase | 96 |
| Misc. action | 71 |
| Use ability | 51 |
| Esc | 30 |
| Minimap ping | 19 |
| Assign group | 14 |
Cabeelibob
(194)
(28:38) : 

| Peasant | 23 | 1725 | / | 0 |
| Dragonhawk Rider | 3 | 600 | / | 90 |
| total: | 26 | 2325g | / | 90w |
| Scout Tower | 53 | 1590 | / | 1060 |
| Guard Tower | 27 | 1890 | / | 1350 |
| Arcane Tower | 7 | 490 | / | 350 |
| Altar of Kings | 1 | 180 | / | 50 |
| Farm | 4 | 320 | / | 80 |
| Lumber Mill | 1 | 120 | / | 0 |
| Arcane Vault | 1 | 130 | / | 30 |
| Town Hall | 1 | 385 | / | 205 |
| Gryphon Aviary | 1 | 140 | / | 150 |
| Keep | 1 | 320 | / | 210 |
| Castle | 1 | 360 | / | 210 |
| total: | 62 | 2865g | / | 1575w |
| 0:04 | Altar of Kings |
| 0:07 | Farm |
| 0:08 | Peasant |
| 0:25 | Peasant |
| 0:27 | Peasant |
| 0:36 | Peasant |
| 0:47 | Scout Tower |
| 0:49 | Peasant |
| 0:58 | Lumber Mill |
| 0:59 | Peasant |
| 1:16 | Scout Tower |
| 1:22 | Peasant |
| 1:28 | Peasant |
| 1:33 | Farm |
| 1:37 | Peasant |
| 1:46 | Scout Tower |
| 1:50 | Peasant |
| 1:57 | Peasant |
| 2:07 | Storm Bolt |
| 2:12 | Improved Masonry |
| 2:17 | Peasant |
| 2:21 | Scout Tower |
| 2:24 | Scout Tower |
| 2:32 | Guard Tower |
| 2:43 | Peasant |
| 2:47 | Farm |
| 2:49 | Farm |
| 2:56 | Guard Tower |
| 2:57 | Guard Tower |
| 3:00 | Guard Tower |
| 3:33 | Peasant |
| 3:35 | Peasant |
| 3:40 | Scout Tower |
| 3:42 | Scout Tower |
| 3:50 | Peasant |
| 3:56 | Scout Tower |
| 4:17 | Guard Tower |
| 4:19 | Keep |
| 4:23 | Scout Tower |
| 4:26 | Scout Tower |
| 4:28 | Guard Tower |
| 4:42 | Scout Tower |
| 4:44 | Scout Tower |
| 4:45 | Guard Tower |
| 4:57 | Guard Tower |
| 4:59 | Scout Tower |
| 5:04 | Scout Tower |
| 5:05 | Guard Tower |
| 5:19 | Guard Tower |
| 5:22 | Scout Tower |
| 5:24 | Scout Tower |
| 5:27 | Guard Tower |
| 5:32 | Bash |
| 5:33 | Bash |
| 5:56 | Scout Tower |
| 5:57 | Guard Tower |
| 6:09 | Scout Tower |
| 6:12 | Scout Tower |
| 6:14 | Guard Tower |
| 6:15 | Guard Tower |
| 7:01 | Scout Tower |
| 7:02 | Scout Tower |
| 7:04 | Scout Tower |
| 7:05 | Scout Tower |
| 7:05 | Scout Tower |
| 7:11 | Guard Tower |
| 7:53 | Guard Tower |
| 7:55 | Scout Tower |
| 8:00 | Guard Tower |
| 8:02 | Scout Tower |
| 8:06 | Advanced Masonry |
| 8:13 | Holy Light |
| 8:15 | Holy Light |
| 8:31 | Scout Tower |
| 8:32 | Scout Tower |
| 8:34 | Guard Tower |
| 9:05 | Castle |
| 9:08 | Arcane Tower |
| 9:11 | Scout Tower |
| 9:11 | Scout Tower |
| 9:14 | Scout Tower |
| 9:15 | Scout Tower |
| 9:17 | Scout Tower |
| 9:41 | Arcane Tower |
| 9:44 | Scout Tower |
| 9:44 | Scout Tower |
| 9:46 | Guard Tower |
| 9:50 | Scout Tower |
| 10:20 | Arcane Tower |
| 10:22 | Scout Tower |
| 10:23 | Scout Tower |
| 10:24 | Guard Tower |
| 10:30 | Scout Tower |
| 11:20 | Arcane Tower |
| 11:22 | Scout Tower |
| 11:23 | Scout Tower |
| 11:23 | Scout Tower |
| 11:26 | Imbued Masonry |
| 11:31 | Gryphon Aviary |
| 11:34 | Arcane Vault |
| 11:49 | Storm Bolt |
| 11:50 | Storm Bolt |
| 12:12 | Town Hall |
| 12:18 | Scout Tower |
| 12:18 | Scout Tower |
| 12:31 | Divine Shield |
| 12:34 | Divine Shield |
| 13:49 | Arcane Tower |
| 13:50 | Arcane Tower |
| 14:05 | Guard Tower |
| 14:07 | Scout Tower |
| 14:08 | Scout Tower |
| 14:16 | Scout Tower |
| 14:19 | Guard Tower |
| 14:21 | Cloud |
| 14:42 | Scout Tower |
| 14:43 | Scout Tower |
| 14:48 | Scout Tower |
| 14:53 | Improved Lumber Harvesting |
| 15:00 | Guard Tower |
| 15:02 | Guard Tower |
| 15:18 | Guard Tower |
| 15:23 | Peasant |
| 15:24 | Peasant |
| 15:27 | Guard Tower |
| 15:45 | Arcane Tower |
| 15:54 | Dragonhawk Rider |
| 16:11 | Guard Tower |
| 16:33 | Dragonhawk Rider |
| 19:05 | Peasant |
| 19:05 | Peasant |
| 19:05 | Peasant |
| 19:06 | Peasant |
| 19:06 | Peasant |
| 19:08 | Dragonhawk Rider |
| 19:21 | Scout Tower |
| 19:22 | Scout Tower |
| 19:23 | Scout Tower |
| Right click | 797 |
| Select group | 316 |
| Select | 298 |
| Build/train/purchase | 84 |
| Misc. action | 65 |
| Resource trade | 47 |
| Assign group | 23 |
| Use ability | 21 |
| Chat | 6 |
| Esc | 2 |
| Minimap ping | 2 |
| Remove unit | 1 |
⇛